3AAA
SIOUX FALLS RED PANDAS @ BRINKLEY BELUGAS
08/22/2024
 
TOP OF THE 1ST
Sioux Falls Red Pandas batting - Pitching for Brinkley Belugas : RHP Chae-seong Kim
Pitching: RHP Chae-seong Kim
Batting: RHB Jean Chamissa 0-0: Ball
1-0: Foul Ball, location: 2F
1-1: Ball
2-1: Foul Ball, location: 2F
2-2: Ball
3-2: Strikes out swinging
Batting: RHB Jonathan Widdop 0-0: Foul Ball, location: 2F
0-1: Foul Ball, location: 2F
0-2: Ground out 3-1 (Groundball, 34S)
Batting: RHB Mario Piña 0-0: Ground out 4-3 (Groundball, 34)
Top of the 1st over - 0 run(s), 0 hit(s), 0 error(s), 0 left on base; Sioux Falls 0 - Brinkley 0
BOTTOM OF THE 1ST
Brinkley Belugas batting - Pitching for Sioux Falls Red Pandas : RHP Mario González
Pitching: RHP Mario González
Batting: LHB Ubbe van Antwerpen 0-0: Ball
1-0: Ground out 1-3 (Groundball, 13)
Batting: RHB Sergio Ortíz 0-0: Ball
1-0: Ball
2-0: Ball
3-0: Called Strike
3-1: Foul Ball, location: 2F
3-2: Ground out 5-3 (Groundball, 56)
Batting: LHB Eric Porter 0-0: Called Strike
0-1: Swinging Strike
0-2: Strikes out swinging
Bottom of the 1st over - 0 run(s), 0 hit(s), 0 error(s), 0 left on base; Sioux Falls 0 - Brinkley 0
TOP OF THE 2ND
Sioux Falls Red Pandas batting - Pitching for Brinkley Belugas : RHP Chae-seong Kim
Batting: RHB Eduardo Sánchez 0-0: Ball
1-0: Ball
2-0: Foul Ball, location: 2F
2-1: Ground out 6-3 (Groundball, 6M)
Batting: LHB Ricardo Miranda 0-0: Foul Ball, location: 2F
0-1: Foul Ball, location: 2F
0-2: Fly out, F7 (Popup, 7S)
Batting: SHB Tsing Guao 0-0: Swinging Strike
0-1: Foul Ball, location: 2F
0-2: Ground out 4-3 (Groundball, 4)
Top of the 2nd over - 0 run(s), 0 hit(s), 0 error(s), 0 left on base; Sioux Falls 0 - Brinkley 0
BOTTOM OF THE 2ND
Brinkley Belugas batting - Pitching for Sioux Falls Red Pandas : RHP Mario González
Batting: RHB Reggie Kahn 0-0: Ball
1-0: SINGLE (Line Drive, 6M)
Batting: RHB Alfonso Enríquez 0-0: Ball
1-0: SINGLE (Groundball, 56)
Reggie Kahn to second
Batting: RHB Shawn Hicks 0-0: Ball
1-0: Ball
2-0: Ball
3-0: Called Strike
3-1: Grounds into double play, 6-4-3 (Groundball, 6M)
Reggie Kahn to third
Batting: RHB Chris Costa 0-0: Called Strike
0-1: Ball
1-1: Foul Ball, location: 2F
1-2: Ground out 5-3 (Groundball, 5S)
Bottom of the 2nd over - 0 run(s), 2 hit(s), 0 error(s), 1 left on base; Sioux Falls 0 - Brinkley 0
TOP OF THE 3RD
Sioux Falls Red Pandas batting - Pitching for Brinkley Belugas : RHP Chae-seong Kim
Batting: RHB David Morales 0-0: Foul Ball, location: 2F
0-1: Foul Ball, location: 2F
0-2: Strikes out looking
Batting: RHB Emílio Ortíz 0-0: Ball
1-0: Ball
2-0: SINGLE (Groundball, 56)
Batting: RHB Jorge Díaz 0-0: Ball
1-0: Called Strike
1-1: Swinging Strike
1-2: Foul Ball, location: 2F
1-2: Strikes out swinging
Batting: RHB Jean Chamissa 0-0: Ball
1-0: Called Strike
1-1: Ball
2-1: Fly out, F8 (Flyball, 8RM)
Top of the 3rd over - 0 run(s), 1 hit(s), 0 error(s), 1 left on base; Sioux Falls 0 - Brinkley 0
BOTTOM OF THE 3RD
Brinkley Belugas batting - Pitching for Sioux Falls Red Pandas : RHP Mario González
Batting: RHB Randy Tucker 0-0: SINGLE (Groundball, 34D)
Batting: RHB Pablo Alyala 0-0: Ball
1-0: Foul Ball, location: 2F
1-1: Swinging Strike
1-2: Grounds into double play, 4-6-3 (Groundball, 4M)
Batting: LHB Ubbe van Antwerpen 0-0: Ball
1-0: Called Strike
1-1: Swinging Strike
1-2: Ball
2-2: Foul Ball, location: 2F
2-2: Ball
3-2: Base on Balls
Batting: RHB Sergio Ortíz 0-0: Ball
1-0: Foul Ball, location: 2F
1-1: Ball
2-1: Foul Ball, location: 2F
2-2: SINGLE (Groundball, 25) (infield hit)
Ubbe van Antwerpen to second
Batting: LHB Eric Porter 0-0: Ball
1-0: Foul Ball, location: 2F
1-1: Foul Ball, location: 2F
1-2: Fly out, F7 (Flyball, 78D)
Bottom of the 3rd over - 0 run(s), 2 hit(s), 0 error(s), 2 left on base; Sioux Falls 0 - Brinkley 0
TOP OF THE 4TH
Sioux Falls Red Pandas batting - Pitching for Brinkley Belugas : RHP Chae-seong Kim
Batting: RHB Jonathan Widdop 0-0: Ball
1-0: Foul Ball, location: 2F
1-1: TRIPLE (Flyball, 9LM)
Batting: RHB Mario Piña 0-0: Ground out 4-3 (Groundball, 4)
Jonathan Widdop scores
Batting: RHB Eduardo Sánchez 0-0: Called Strike
0-1: Called Strike
0-2: Ball
1-2: Ball
2-2: Hit by Pitch
Batting: LHB Ricardo Miranda 0-0: Fielders Choice at 2nd, 5-4 (Groundball, 56)
Batting: SHB Tsing Guao 0-0: SINGLE (Line Drive, 89S)
Ricardo Miranda to second
Batting: RHB David Morales 0-0: Ball
1-0: Called Strike
1-1: Called Strike
1-2: Strikes out swinging
Top of the 4th over - 1 run(s), 2 hit(s), 0 error(s), 2 left on base; Sioux Falls 1 - Brinkley 0
BOTTOM OF THE 4TH
Brinkley Belugas batting - Pitching for Sioux Falls Red Pandas : RHP Mario González
Batting: RHB Reggie Kahn 0-0: Called Strike
0-1: Ball
1-1: Ball
2-1: Foul Ball, location: 2F
2-2: Ball
3-2: Base on Balls
Batting: RHB Alfonso Enríquez 0-0: Fly out, F8 (Flyball, 8LM)
Batting: RHB Shawn Hicks 0-0: Ball
Reggie Kahn steals 2nd base
1-0: Ground out 5-3 (Groundball, 56)
Batting: RHB Chris Costa 0-0: Ball
1-0: 2-RUN HOME RUN (Flyball, 89XD), Distance : 418 ft
Batting: RHB Randy Tucker 0-0: Foul Ball, location: 2F
0-1: Foul Ball, location: 2F
0-2: Ball
1-2: Foul Ball, location: 2F
1-2: Ball
2-2: Foul Ball, location: 2F
2-2: Ground out 6-3 (Groundball, 6)
Bottom of the 4th over - 2 run(s), 1 hit(s), 0 error(s), 0 left on base; Sioux Falls 1 - Brinkley 2
TOP OF THE 5TH
Sioux Falls Red Pandas batting - Pitching for Brinkley Belugas : RHP Chae-seong Kim
Batting: RHB Emílio Ortíz 0-0: Ball
1-0: Ball
2-0: Called Strike
2-1: Swinging Strike
2-2: Ball
3-2: Base on Balls
Batting: RHB Jorge Díaz 0-0: Foul Ball, location: 2F
0-1: Ball
1-1: Ball
2-1: Called Strike
2-2: Strikes out swinging
Batting: RHB Jean Chamissa 0-0: Called Strike
0-1: Grounds into double play, 6-4-3 (Groundball, 6M)
Top of the 5th over - 0 run(s), 0 hit(s), 0 error(s), 0 left on base; Sioux Falls 1 - Brinkley 2
BOTTOM OF THE 5TH
Brinkley Belugas batting - Pitching for Sioux Falls Red Pandas : RHP Mario González
Batting: RHB Pablo Alyala 0-0: Fly out, F7 (Flyball, 7M)
Batting: LHB Ubbe van Antwerpen 0-0: Ball
1-0: Ground out 3-1 (Groundball, 34)
Batting: RHB Sergio Ortíz 0-0: Ball
1-0: Swinging Strike
1-1: Called Strike
1-2: Ball
2-2: Ball
3-2: Ground out 6-3 (Groundball, 6)
Bottom of the 5th over - 0 run(s), 0 hit(s), 0 error(s), 0 left on base; Sioux Falls 1 - Brinkley 2
TOP OF THE 6TH
Sioux Falls Red Pandas batting - Pitching for Brinkley Belugas : RHP Chae-seong Kim
Batting: RHB Jonathan Widdop 0-0: Swinging Strike
0-1: Ball
1-1: Ball
2-1: Called Strike
2-2: Strikes out swinging
Pitching: RHP Chang-keun Hyon
Batting: RHB Mario Piña 0-0: Ball
1-0: Called Strike
1-1: Foul Ball, location: 2F
1-2: Foul Ball, location: 2F
1-2: Ball
2-2: Foul Ball, location: 2F
2-2: Ball
3-2: Foul Ball, location: 2F
3-2: SINGLE (Flyball, 8LS)
Batting: RHB Eduardo Sánchez 0-0: Foul Ball, location: 2F
0-1: Swinging Strike
0-2: Strikes out looking
Batting: LHB Ricardo Miranda 0-0: Called Strike
0-1: SINGLE (Line Drive, 78S)
Mario Piña to second
Batting: SHB Tsing Guao 0-0: Ball
1-0: Called Strike
1-1: Ball
2-1: Ball
3-1: DOUBLE (Line Drive, 89S)
Mario Piña scores
Ricardo Miranda to third
Runner from 3rd tries for Home, SAFE, no throw or cutoff
Batting: RHB David Morales 0-0: Called Strike
0-1: Swinging Strike
0-2: Ball
1-2: Strikes out swinging
Top of the 6th over - 2 run(s), 3 hit(s), 0 error(s), 1 left on base; Sioux Falls 3 - Brinkley 2
BOTTOM OF THE 6TH
Brinkley Belugas batting - Pitching for Sioux Falls Red Pandas : RHP Mario González
Pitching: LHP José Hernández
Batting: LHB Eric Porter 0-0: Ball
1-0: Ball
2-0: Ball
3-0: Base on Balls
Pitching: RHP Jesús Rivera
Batting: RHB Reggie Kahn 0-0: Ball
1-0: Ball
2-0: Ball
3-0: Base on Balls
Eric Porter to second
Batting: RHB Alfonso Enríquez 0-0: Called Strike
0-1: Ball
1-1: Ball
2-1: Foul Ball, location: 2F
2-2: Ball
3-2: Grounds into double play, 6-4-3 (Groundball, 56)
Eric Porter to third
Batting: RHB Shawn Hicks 0-0: Ball
1-0: Ball
2-0: Swinging Strike
2-1: Ball
3-1: Base on Balls
Batting: RHB Chris Costa 0-0: SINGLE (Groundball, 6M)
Eric Porter scores
Shawn Hicks to second
Throwing error, E8
Shawn Hicks scores
Chris Costa to second
Batting: RHB Randy Tucker 0-0: Ground out 6-3 (Groundball, 6)
Bottom of the 6th over - 2 run(s), 1 hit(s), 1 error(s), 1 left on base; Sioux Falls 3 - Brinkley 4
TOP OF THE 7TH
Sioux Falls Red Pandas batting - Pitching for Brinkley Belugas : RHP Chang-keun Hyon
Batting: RHB Emílio Ortíz 0-0: Called Strike
0-1: Called Strike
0-2: Ball
1-2: Ball
2-2: Foul Ball, location: 2F
2-2: Foul Ball, location: 2F
2-2: Foul Ball, location: 2F
2-2: Ball
3-2: Strikes out swinging
Batting: RHB Jorge Díaz 0-0: Called Strike
0-1: Ball
1-1: Ball
2-1: Ground out 6-3 (Groundball, 6)
Batting: RHB Jean Chamissa 0-0: SINGLE (Groundball, 6M)
Batting: RHB Jonathan Widdop 0-0: Ball
1-0: Called Strike
1-1: Called Strike
1-2: Ball
2-2: Ball
3-2: SINGLE (Line Drive, 3D)
Jean Chamissa to second
Jean Chamissa to third
Batting: RHB Mario Piña 0-0: Foul Ball, location: 2F
0-1: Called Strike
0-2: Ball
1-2: Ball
2-2: Fly out, F8 (Flyball, 8LXD)
Top of the 7th over - 0 run(s), 2 hit(s), 0 error(s), 2 left on base; Sioux Falls 3 - Brinkley 4
BOTTOM OF THE 7TH
Brinkley Belugas batting - Pitching for Sioux Falls Red Pandas : RHP Jesús Rivera
Batting: RHB Pablo Alyala 0-0: Fly out, F8 (Flyball, 8RM)
Batting: LHB Ubbe van Antwerpen 0-0: Ball
1-0: Ball
2-0: Ball
3-0: Base on Balls
Pinch Runner at 1st Jaime López:
Batting: RHB Sergio Ortíz 0-0: Ball
1-0: Ball
2-0: Ball
3-0: Called Strike
3-1: Foul Ball, location: 2F
Pickoff Throw to First - Error! E1
Jaime López to second
3-2: Foul Ball, location: 2F
3-2: Ground out 6-3 (Groundball, 6)
Jaime López to third
Batting: LHB Eric Porter 0-0: Foul Ball, location: 2F
0-1: Ball
1-1: Ball
2-1: Ball
3-1: Swinging Strike
3-2: Base on Balls
Pinch Hitting: LHB Mike Cook 0-0: Ball
1-0: Called Strike
1-1: Ball
2-1: Foul Ball, location: 2F
2-2: Foul Ball, location: 2F
2-2: Foul Ball, location: 2F
2-2: Strikes out swinging
Bottom of the 7th over - 0 run(s), 0 hit(s), 1 error(s), 2 left on base; Sioux Falls 3 - Brinkley 4
TOP OF THE 8TH
Sioux Falls Red Pandas batting - Pitching for Brinkley Belugas : RHP Chang-keun Hyon
Now in CF: Danilo Mosca
Batting: RHB Eduardo Sánchez 0-0: Called Strike
0-1: Ball
1-1: Foul Ball, location: 2F
1-2: Ball
2-2: Foul Ball, location: 2F
2-2: Ground out 1-3 (Groundball, 15)
Pitching: RHP Vicente Hernández
Batting: LHB Ricardo Miranda 0-0: Called Strike
0-1: Ball
1-1: Foul Ball, location: 2F
1-2: Foul Ball, location: 2F
1-2: Fly out, F7 (Flyball, 7S)
Pitching: LHP Terry King
Batting: SHB Tsing Guao 0-0: Foul Ball, location: 2F
0-1: Ball
1-1: Ball
2-1: DOUBLE (Line Drive, 7LM)
Pitching: RHP Steven Jones
Pinch Hitting: SHB Dan Hunt 0-0: Called Strike
0-1: Called Strike
0-2: Ball
1-2: Strikes out swinging
Top of the 8th over - 0 run(s), 1 hit(s), 0 error(s), 1 left on base; Sioux Falls 3 - Brinkley 4
BOTTOM OF THE 8TH
Brinkley Belugas batting - Pitching for Sioux Falls Red Pandas : RHP Jesús Rivera
Pitching: RHP Frank Walker
Now in LF: Carroll Kline
Batting: RHB Alfonso Enríquez 0-0: Hit by Pitch
Batting: RHB Shawn Hicks 0-0: Sac Bunt - play at first, batter OUT! 3-4
Alfonso Enríquez to second
Batting: RHB Chris Costa 0-0: Ground out 6-3 (Groundball, 56)
Batting: RHB Randy Tucker 0-0: Ball
1-0: Ball
2-0: Ball
3-0: Base on Balls
Pinch Hitting: LHB Jim Unknown 0-0: Ball
1-0: Fly out, F8 (Line Drive, 8RS)
Bottom of the 8th over - 0 run(s), 0 hit(s), 0 error(s), 2 left on base; Sioux Falls 3 - Brinkley 4
TOP OF THE 9TH
Sioux Falls Red Pandas batting - Pitching for Brinkley Belugas : RHP Steven Jones
Pitching: LHP Miguel Toro
Now in LF: Jim Unknown
Batting: RHB Emílio Ortíz 0-0: Ball
1-0: Called Strike
1-1: Ball
2-1: Ball
3-1: Base on Balls
Pinch Hitting: RHB Jeremy Murphy 0-0: Called Strike
0-1: Ball
1-1: Called Strike
1-2: Strikes out swinging
Batting: RHB Jean Chamissa 0-0: Ball
1-0: Called Strike
1-1: Foul Ball, location: 2F
1-2: Ball
2-2: 2-RUN HOME RUN (Flyball, 7D), Distance : 387 ft
Batting: RHB Jonathan Widdop 0-0: Called Strike
0-1: Called Strike
0-2: Strikes out looking
Batting: RHB Mario Piña 0-0: Called Strike
0-1: Foul Ball, location: 2F
0-2: Ball
1-2: SINGLE (Flyball, 8LS)
Batting: RHB Eduardo Sánchez 0-0: Ball
1-0: Ball
2-0: Called Strike
2-1: Ball
3-1: Base on Balls
Mario Piña to second
Pinch Hitting: RHB Dale Carney 0-0: Ball
1-0: Fielders Choice at 2nd, 6-4 (Groundball, 6)
Top of the 9th over - 2 run(s), 2 hit(s), 0 error(s), 1 left on base; Sioux Falls 5 - Brinkley 4
BOTTOM OF THE 9TH
Brinkley Belugas batting - Pitching for Sioux Falls Red Pandas : RHP Frank Walker
Pitching: RHP Jim Unknown
Now at 1B: Dale Carney
Now in CF: Jeremy Murphy
Batting: RHB Jaime López 0-0: DOUBLE (Line Drive, 7LM)
Batting: RHB Sergio Ortíz 0-0: Foul Ball, location: 2F
0-1: Swinging Strike
0-2: Strikes out swinging
Batting: LHB Eric Porter 0-0: Ball
1-0: Ball
2-0: Foul Ball, location: 2F
2-1: SINGLE (Groundball, 4MD) (infield hit)
Jaime López to third
Batting: RHB Danilo Mosca 0-0: Ball
1-0: Foul Ball, location: 2F
1-1: Swinging Strike
1-2: Foul Ball, location: 2F
1-2: Foul Ball, location: 2F
1-2: Foul Ball, location: 2F
1-2: SINGLE (Flyball, 78M)
Jaime López scores
Eric Porter to second
Pinch Runner at 2nd Ramón Martínez:
Batting: RHB Alfonso Enríquez 0-0: Ball
1-0: Foul Ball, location: 2F
1-1: SINGLE (Groundball, 56)
Ramón Martínez to third
Danilo Mosca to second
Runner from 3rd tries for Home, SAFE, no throw or cutoff
This league is powered by Out of the Park Baseball, the baseball management simulation game for PC, Mac and Linux
Monday, October 3rd, 2016 - OOTP Baseball 16.9 Build 39